 Dungeon Crawl Stone Soup version 0.31.0-11-ge490571c62 (webtiles) character file.

Game seed: 2773355635743684813

581 DarkmoonHerald the Chopper (level 7, -3/67 HPs)
             Began as a Troll Fighter on Feb 3, 2024.
             Engulfed by a cloud of flame (13 damage)
             ... on level 5 of the Dungeon.
             The game lasted 00:29:14 (2794 turns).

DarkmoonHerald the Chopper (Troll Fighter)          Turns: 2794, Time: 00:29:14

Health: -3/67      AC:  6    Str: 27    XL:     7   Next: 13%
Magic:  14/14      EV: 10    Int:  7    God:
Gold:   147        SH:  9    Dex: 17    Spells: 6/6 levels left

rFire   + . .        p - +1 war axe of Tubun {drain, rC+ Int+3 Dex+8}
rCold   + + .        b - +0 kite shield
rNeg    . . .        a - +0 robe
rPois   +            (helmet restricted)
rElec   +            (no cloak)
rCorr   +            (gloves unavailable)
SInv    .            (boots unavailable)
Will    .....        (no amulet)
Stlth   ++           h - ring of resist corrosion
HPRegen 1.11/turn    j - ring of magical power
MPRegen 0.14/turn

%: no passive effects
@: resistant
A: large, unfitting armour, claws 3, regeneration 1, shaggy fur 1, tough skin 1,
iridescent scales 1, low MP 1, sturdy frame 1, noise suppression
a: no special abilities


You were on level 5 of the Dungeon.
You visited 1 branch of the dungeon, and saw 5 of its levels.

You collected 147 gold pieces.

Inventory:

Hand Weapons
 o - a +1 war axe
 p - the +1 war axe of Tubun (weapon) {drain, rC+ Int+3 Dex+8}
   (You found it on level 4 of the Dungeon)

   Int+3:     It affects your intelligence (+3).
   Dex+8:     It affects your dexterity (+8).
   rC+:       It protects you from cold.
Missiles
 g - 11 poisoned darts
Armour
 a - a +0 robe (worn)
 b - a +0 kite shield (worn)
Jewellery
 h - a ring of resist corrosion (left claw)
 j - a ring of magical power (right claw)
Talismans
 l - a beast talisman
Wands
 k - a wand of flame (15)
Scrolls
 d - a scroll of identify
 m - a scroll of enchant armour {unknown}
 n - 2 scrolls of teleportation
Potions
 e - a potion of curing (quivered)
 i - 3 potions of mutation


   Skills:
 + Level 3.5 Fighting
 + Level 4.0 Axes
 + Level 3.7 Dodging
 + Level 0.5 Stealth
 + Level 3.5 Shields
 + Level 2.2 Unarmed Combat
 + Level 0.2 Evocations
 + Level 0.2 Shapeshifting


You had 6 spell levels left.
You didn't know any spells.
Your spell library contained the following spells:

 Spells                   Type           Power      Damage    Failure   Level
 Hailstorm                Conj/Ice       0%         3d5       95%         3
 Summon Ice Beast         Ice/Summ       0%         N/A       95%         3
 Vhi's Electric Charge    Tloc/Air       0%         N/A       100%        4
 Arcjolt                  Conj/Air       0%         1d10      100%        5
 Sculpt Simulacrum        Ice/Alch       0%         N/A       100%        6
 Maxwell's Capacitive Co  Air            0%         ∞         100%        8


Dungeon Overview and Level Annotations

Branches:
Dungeon (5/15)
 Temple: D:4-7

Altars:
Fedhas
Hepliaklqana

Annotations:
D:5 1 transporter


Innate Abilities, Weirdness & Mutations

You are too large for most types of armour.
You have claws for hands.
Your natural rate of healing is unusually fast.
You are covered in fur. (AC +1)
You have tough skin. (AC +1)
You are partially covered in iridescent scales. (AC +2)
Your magical capacity is low. (-10% MP)
Your movements are slightly less encumbered by armour. (ER -2)
You passively dampen the noise of your surroundings.


Message History

There is an open gate, spattered with blood here.
The fire bat bites you but does no damage.
You miss the fire bat. You block the fire bat's attack.
The orc shouts!
You hit the fire bat.
The fire bat is lightly wounded.
The fire bat closely misses you. The fire bat bites you.
You are engulfed in flames.
The fire bat bites you.
You are engulfed in flames!
You slash the fire bat!
The fire bat is heavily wounded.
The fire bat bites you.
You are engulfed in flames!
You block the fire bat's attack. The fire bat completely misses you.
The fire bat bites you.
* * * LOW HITPOINT WARNING * * *
You are engulfed in flames!
* * * LOW HITPOINT WARNING * * *
The fire bat attacks as it pursues you! The fire bat completely misses you.
You block the fire bat's attack. The fire bat barely misses you.
The fire bat bites you but does no damage.
You feel better. You block the fire bat's attack.
You feel protected. The fire bat barely misses you. The fire bat bites you.
* * * LOW HITPOINT WARNING * * *
You are engulfed in flames.
You resist.
* * * LOW HITPOINT WARNING * * *
The fire bat attacks as it pursues you! The fire bat barely misses you.
The fire bat bites you but does no damage.
You block the fire bat's attack.
As you read the scroll of fear, it crumbles to dust.
You assume a fearsome visage.
The fire bat looks frightened! x2
You are engulfed in blazing flames.
You resist.
* * * LOW HITPOINT WARNING * * *
Cornered, the fire bat turns to fight!
There is an open gate, spattered with blood here.
You are engulfed in blazing flames.
You resist.
* * * LOW HITPOINT WARNING * * *
Cornered, the fire bat turns to fight!
You are engulfed in blazing flames.
You resist.
You die...

..##..............+ .........#
..##..............# .. .....
..##....###.##.#### #o #..#
..##....###.####### .###..##
..#.......#.#☼☼○○○########.#.....
#.......#.#○○○°°#○○○○°.#.#.....
.......#.#○○°°☼#☼°☼○☼.#o#.....
.........#($.☼○°.#.#○°#o[.....
........©#©[.@○○b..©☼°#o......
#...###..#?$.°☼°.#.#○.#..##'##
#...####.#○☼○°○#☼○☼°°.#..##.##
#........#○☼☼○°#.○°○b○#..#...#
#........#.○☼○○########..'...#
#........#######.........#...#
+.......).#..............#...#
#.........#..............#...#
#...##..####.###...###########


You could see 2 fire bats.

Vanquished Creatures
  A black bear (D:5)
  An ice beast (D:5)
  A scorpion (D:4)
  A jelly (D:5)
  A bombardier beetle (D:4)
  A sleepcap (D:4)
  3 iguanas
  4 orc wizards (D:4)
  An adder (D:4)
  2 ufetubi (D:4)
  A dart slug (D:2)
  2 ribbon worms (D:2)
  4 orcs (D:4)
  7 endoplasms
  A giant cockroach (D:2)
  3 hobgoblins
  3 jackals (D:3)
  3 kobolds
  A quokka (D:4)
  3 ball pythons
  4 bats
  2 frilled lizards
  10 goblins
  5 rats
  A spectral kobold (D:3)
66 creatures vanquished.

Notes
Turn   | Place    | Note
-------+----------+-------------------------------------------
     0 | D:1      | DarkmoonHerald the Troll Fighter began the quest for the
                  | Orb.
     0 | D:1      | Reached XP level 1. HP: 22/22 MP: 0/0
   341 | D:1      | Reached XP level 2. HP: 29/29 MP: 1/1
   915 | D:2      | Reached skill level 1 in Axes
   946 | D:2      | Reached XP level 3. HP: 36/36 MP: 2/2
  1431 | D:3      | Found a hazy altar of Hepliaklqana.
  1730 | D:4      | Gained mutation: Your body sometimes deteriorates upon
                  | taking damage. [potion of mutation]
  1730 | D:4      | Gained mutation: Your magical capacity is low. (-10% MP)
                  | [potion of mutation]
  1730 | D:4      | Gained mutation: You have a somewhat thin skeletal
                  | structure. (Dex +2, Stealth+) [potion of mutation]
  1735 | D:4      | Lost mutation: You have a somewhat thin skeletal structure.
                  | (Dex +2, Stealth+) [potion of mutation]
  1735 | D:4      | Lost mutation: Your body sometimes deteriorates upon taking
                  | damage. [potion of mutation]
  1735 | D:4      | Gained mutation: You passively dampen the noise of your
                  | surroundings. [potion of mutation]
  1735 | D:4      | Gained mutation: Your movements are slightly less
                  | encumbered by armour. (ER -2) [potion of mutation]
  1735 | D:4      | Gained mutation: You are partially covered in iridescent
                  | scales. (AC +2) [potion of mutation]
  1766 | D:4      | Found a blossoming altar of Fedhas.
  1810 | D:4      | Reached XP level 4. HP: 32/44 MP: 2/2
  1908 | D:4      | Identified the +1 spear of Extremism {drain, rC+ rCorr
                  | SInv}
  1931 | D:4      | Noticed a scorpion
  1956 | D:4      | Killed a scorpion
  1957 | D:4      | Reached skill level 2 in Axes
  1957 | D:4      | Reached XP level 5. HP: 50/52 MP: 3/3
  2048 | D:4      | Identified the +1 war axe of Tubun {drain, rC+ Int+3 Dex+8}
  2281 | D:4      | Reached skill level 3 in Axes
  2281 | D:4      | Reached XP level 6. HP: 60/61 MP: 4/4
  2550 | D:5      | Entered Level 5 of the Dungeon
  2664 | D:5      | Found a transporter.
  2666 | D:5      | Noticed a fire bat
  2666 | D:5      | Noticed a fire bat
  2675 | D:5      | Noticed an ice beast
  2681 | D:5      | Killed an ice beast
  2682 | D:5      | Reached XP level 7. HP: 67/67 MP: 5/5
  2710 | D:5      | Found a transporter.
  2768 | D:5      | Reached skill level 4 in Axes
  2794 | D:5      | Engulfed by a cloud of flame

Illustrated notes

Levels and vault maps discovered:
D:1:      psy_arrival_statuary, layout_basic
D:2:      layout_basic
D:3:      layout_loops_ring, nicolae_hepliaklqana_monster_ancestors,
          minmay_circle_x
D:4:      layout_basic, fedhas_altar_1
D:5:      gammafunk_cloud_chamber, layout_gridville, kiku_gazebo_pond_becter,
          grunt_gozag_breadcrumbs, gammafunk_temple_overflow_forgotten

Skill      XL: |  1  2  3  4  5  6  7 |
---------------+----------------------+-----
Axes           | 1 2 3 4 |  4.0
Shields        | 3 |  3.5
Dodging        | 3 |  3.7
Fighting       | 3 |  3.5
Stealth        | |  0.5
Unarmed Combat | |  2.2
Evocations     | |  0.2
Shapeshifting  | |  0.2

Action                     |  1- 3 |  4- 6 |  7- 9 || total
---------------------------+-------+-------+-------++-------
  Melee: Hand axe          |   111 |       |       ||   111
         Club              |     9 |       |       ||     9
         Unarmed           |     3 |       |       ||     3
         War axe           |    31 |    81 |    10 ||   122
  Evoke: Wand              |     3 |     3 |       ||     6
    Use: Scroll            |     3 |     1 |     1 ||     5
         Potion            |     5 |     2 |     2 ||     9
   Stab: Sleeping          |     1 |     2 |       ||     3
 Armour: Robe              |    96 |    95 |    17 ||   208
  Dodge: Dodged            |    73 |    36 |     8 ||   117
  Block: Kite shield       |    64 |    38 |     9 ||   111
         Form:             |     1 |       |       ||     1
         Beast             |     1 |       |       ||     1
